 Dungeon Crawl Stone Soup version 0.19-a0-860-g5c370dd (webtiles) character file.

142 Svalin the Cudgeler (level 5, 45/45 HPs)
             Began as a Minotaur Fighter on Apr 29, 2016.
             Was an Initiate of Makhleb.
             Quit the game on level 3 of the Dungeon on July 2, 2016.
             The game lasted 00:05:28 (1753 turns).

Svalin the Cudgeler (Minotaur Fighter)              Turns: 1753, Time: 00:05:29

Health: 45/45      AC:  8    Str: 21    XL:     5   Next: 3%
Magic:  4/4        EV:  7    Int:  5    God:    Makhleb [......]
Gold:   133        SH: 13    Dex: 10    Spells: 0 memorised, 4 levels left

rFire  . . .     SeeInvis +     a - +1 flail
rCold  . . .     Gourm    .     b - +0 scale mail
rNeg   . . .     Faith    .     c - +0 shield
rPois  .         Spirit   .     (helmet restricted)
rElec  .         Dismiss  .     (no cloak)
rCorr  +         Reflect  +     (no gloves)
SustAt .         Harm     .     r - +0 pair of boots
MR     .....                    w - +4 amulet of reflection
Stlth  ..........               x - ring of see invisible
                                e - ring of resist corrosion

@: not resistant to hostile enchantments, extremely unstealthy
A: retaliatory headbutt, horns 2
a: Renounce Religion


You were on level 3 of the Dungeon.
You worshipped Makhleb.
Makhleb was noncommittal.
You were not hungry.

You visited 1 branch of the dungeon, and saw 3 of its levels.

You collected 133 gold pieces.

Inventory:

Hand Weapons
 a - a +1 flail (weapon)
Armour
 b - a +0 scale mail (worn)
 c - a +0 shield (worn)
 r - a +0 pair of boots (worn)
 A - a +0 large shield
Jewellery
 e - a ring of resist corrosion (left hand)
 s - a +3 ring of strength
 w - a +4 amulet of reflection (around neck)
 x - a ring of see invisible (right hand)
Scrolls
 h - a scroll of enchant weapon
 i - 2 scrolls of remove curse
 j - a scroll of blinking {unknown}
 k - 2 scrolls of identify {unknown}
 m - a scroll of immolation {unknown}
 p - a scroll of teleportation {unknown}
 u - a scroll of noise {unknown}
 y - a scroll of amnesia {unknown}
Potions
 d - 2 potions of might
 g - 2 potions of mutation {unknown}
 l - a potion of degeneration {unknown}
 o - 2 potions of lignification {unknown}
 v - a potion of curing {unknown}
 B - a potion of ambrosia {unknown}
Comestibles
 f - a bread ration
 n - a slice of pizza
 q - a beef jerky
 t - 3 fruits
 z - 4 chunks of flesh


   Skills:
 - Level 3.6 Fighting
 * Level 6.4 Maces & Flails
 - Level 3.6 Armour
 - Level 3.6 Shields
 + Level 0.0 Invocations


You had 4 spell levels left.
You didn't know any spells.

Dungeon Overview and Level Annotations

Branches:
Dungeon (3/15)

Altars:
Cheibriados
Makhleb


Innate Abilities, Weirdness & Mutations

You reflexively headbutt those who attack you in melee.
You have a pair of horns on your head.


Message History

You have reached level 5!
Eating one of 5 chunks of flesh.
This raw flesh tastes terrible.
You continue eating. x2
Found a large shield and 7 poisoned needles.
You see here a large shield.
A - a large shield You see here 7 poisoned needles.
B - a metallic dark potion You see here 7 poisoned needles.
There is a burning altar of Makhleb here.
You kneel at the altar of Makhleb.
Makhleb welcomes you!
Welcome back, Svalin the Minotaur Fighter.
Blood and souls for Makhleb!
Press ? for a list of commands and other information.
Unknown command.
Are you sure you want to abandon this character and quit the game? (Confirm with "yes".)
Okay, then.
Unknown command.
Are you sure you want to abandon this character and quit the game? (Confirm with "yes".)

#.# #.# # #.##
# ##..#########
# #...........#
# #.####.####.#
# #.##.....##
#.#.......#
#.#.......#..#
##.(...@.......
#..#.......#..#
#..#.......#..#
#..##.....## ##
#..####.###
#... .... #..#
#.... ##..
..... ###


There were no monsters in sight!

Vanquished Creatures
  The ghost of WallyJ the Ruffian, an amateur TrMo (D:3)
  An adder (D:3)
  3 worms (D:2)
  A dart slug (D:3)
  A giant gecko (D:3)
  5 bats
  A giant cockroach (D:1)
  5 hobgoblins
  A ball python (D:3)
  2 goblins
  4 kobolds (D:1)
  5 rats
30 creatures vanquished.

Notes
Turn   | Place    | Note
-------+----------+-------------------------------------------
     0 | D:1      | Svalin the Minotaur Fighter began the quest for the Orb.
     0 | D:1      | Reached XP level 1. HP: 19/19 MP: 0/0
     1 | D:1      | Upgraded the game from 0.19-a0-13-gc67dc5e to 0.19-a0-34-g6972264
   342 | D:1      | Reached skill level 3 in Maces & Flails
   359 | D:1      | Reached XP level 2. HP: 25/26 MP: 1/1
  1120 | D:2      | Reached skill level 4 in Maces & Flails
  1176 | D:2      | Reached XP level 3. HP: 27/31 MP: 2/2
  1271 | D:3      | Noticed WallyJ's ghost (amateur TrMo)
  1283 | D:3      | Killed WallyJ's ghost
  1283 | D:3      | Reached skill level 6 in Maces & Flails
  1283 | D:3      | Reached XP level 4. HP: 4/39 MP: 3/3
  1592 | D:3      | Found a snail-covered altar of Cheibriados.
  1723 | D:3      | Found a burning altar of Makhleb.
  1730 | D:3      | Reached XP level 5. HP: 45/45 MP: 4/4
  1752 | D:3      | Became a worshipper of Makhleb the Destroyer
  1753 | D:3      | Upgraded the game from 0.19-a0-34-g6972264 to 0.19-a0-860-g5c370dd
  1753 | D:3      | Quit the game

Vault maps used:
D:1:      dpeg_arrival_rooms_with_view
D:3:      lemuel_upstairs_altar, cheibriados_altar_1, old_standard_altar,
          first_bread

Skill      XL: |  1  2  3 |
---------------+----------+-----
Maces & Flails | 3 4 6 |  6.4
Fighting       | |  3.6
Armour         | |  3.6
Shields        | |  3.6

Action                   |  1- 3 |  4- 6 || total
-------------------------+-------+-------++-------
Melee: Flail             |    48 |    16 ||    64
       Headbutt          |     4 |     1 ||     5
  Use: Scroll            |     2 |       ||     2
       Potion            |     1 |       ||     1
  Eat: Chunk             |     1 |     2 ||     3
Armor: Scale mail        |     9 |    10 ||    19
Dodge: Dodged            |    12 |     4 ||    16
Block: Shield            |    19 |    12 ||    31
       Reflection        |       |     4 ||     4
